 Dungeon Crawl Stone Soup version 0.28.0-53-g5a82cb258f (webtiles) character file.

Game seed: 17983748760494339818

1 ILmort the Bolt Thrower (level 1, -3/12 HPs)
             Began as a Kobold Hunter on Aug 2, 2022.
             Slain by a goblin
             ... wielding a +0 club
              (4 damage)
             ... on level 1 of the Dungeon.
             The game lasted 00:00:37 (40 turns).

ILmort the Bolt Thrower (Kobold Hunter)               Turns: 40, Time: 00:00:37

Health: -3/12      AC:  3    Str:  9    XL:     1   Next: 22%
Magic:  1/1        EV: 14    Int: 12    God:
Gold:   10         SH:  0    Dex: 15    Spells: 0/0 levels left

rFire   . . .      SeeInvis .   a - +1 hand crossbow
rCold   . . .      Faith    .   (no shield)
rNeg    . . .      Spirit   .   c - +0 leather armour
rPois   .          Reflect  .   (no helmet)
rElec   .          Harm     .   (no cloak)
rCorr   .          Rampage  .   (no gloves)
Will    .....                   (no boots)
Stlth   +++.......              (no amulet)
HPRegen 0.04/turn               (no ring)
MPRegen 0.07/turn               (no ring)

@: no status effects
A: small, no large weapons, nightstalker 3
a: no special abilities


You were on level 1 of the Dungeon.
You visited 1 branch of the dungeon, and saw 1 of its levels.

You collected 10 gold pieces.

Inventory:

Hand Weapons
 a - a +1 hand crossbow (weapon)
 b - a +0 short sword
Missiles
 d - 12 bolts (quivered ammo)
Armour
 c - a +0 leather armour (worn)


   Skills:
 + Level 2.2 Fighting
 + Level 4.8 Crossbows
 - Level 2.4 Dodging
 - Level 1.3 Stealth


You couldn't memorise any spells.
You didn't know any spells.
Your spell library was empty.

Dungeon Overview and Level Annotations

Branches:
Dungeon (1/15)

Altars:


Innate Abilities, Weirdness & Mutations

You are small and have problems with some larger weapons.
You are completely attuned to the shadows.


Message History

Aim: a bat (54% to hit)
You shoot a bolt. The bolt closely misses the bat.
The bat misses you.
A goblin comes into view. It is wielding a +0 club.
The bat barely misses you.
Fire: 17 bolts
Press: ? - help, Q - select action Shift-Dir - straight line, f/p - bat
Aim: a bat (54% to hit)
You shoot a bolt. The bolt closely misses the bat.
The bat barely misses you. The goblin hits you but does no damage.
The bat hits you but does no damage.
Fire: 16 bolts
Press: ? - help, Q - select action Shift-Dir - straight line, f/p - bat
Aim: a bat (54% to hit)
You shoot a bolt.
The bolt hits the bat but does no damage.
The bat hits you. The bat hits you but does no damage. The bat hits you.
The goblin hits you but does no damage.
Fire: 15 bolts
Press: ? - help, Q - select action Shift-Dir - straight line, f/p - bat
Aim: a bat (54% to hit)
You shoot a bolt. The bolt closely misses the bat.
The bat hits you but does no damage. The goblin hits you with a +0 dagger.
The goblin closely misses you.
Fire: 14 bolts
Press: ? - help, Q - select action Shift-Dir - straight line, f/p - bat
Aim: a bat (54% to hit)
You shoot a bolt. The bolt misses the bat.
The bat hits you but does no damage. The bat closely misses you. x2
The goblin hits you but does no damage. The goblin hits you with a +0 club.
The goblin hits you but does no damage. The goblin hits you with a +0 club.
* * * LOW HITPOINT WARNING * * *
Fire: 13 bolts
Press: ? - help, Q - select action Shift-Dir - straight line, f/p - bat
Aim: a bat (54% to hit)
You shoot a bolt. The bolt hits the goblin.
The goblin is severely wounded.
The bat closely misses you. The bat completely misses you.
The goblin barely misses you. The goblin hits you with a +0 club.
You die... #.(# #..# # ###..##.. #..gbglS.

#.@#
#..####
#......
##.####
#.#
#.###
##...#
##
#....#
..#
#....#


You could see 2 goblins, a bat, a ball python and a frilled lizard.

Vanquished Creatures
  A hobgoblin (D:1)
1 creature vanquished.

Notes
Turn   | Place    | Note
-------+----------+-------------------------------------------
     0 | D:1      | ILmort the Kobold Hunter began the quest for the Orb.
     0 | D:1      | Reached XP level 1. HP: 12/12 MP: 1/1
    40 | D:1      | Slain by a goblin

Illustrated notes

Levels and vault maps discovered:
D:1:      dpeg_arrival_solitude, layout_loops_ring

Action                   || total
-------------------------++-------
 Fire: Hand crossbow     ||     8
Armor: Leather armour    ||     8
Dodge: Dodged            ||     9
